 Dungeon Crawl Stone Soup version 0.14-a0-1590-g25a9b7f (webtiles) character file.

2503 PolkaDot the Slicer (level 9, -3/66 HPs)
             Began as a Vampire Chaos Knight on Dec 24, 2013.
             Was a Plaything of Xom.
             Slain by a giant frog (5 damage)
             ... on Level 8 of the Dungeon.
             The game lasted 00:28:10 (6573 turns).

PolkaDot the Slicer (Vampire Chaos Knight)          Turns: 6573, Time: 00:28:10

HP  -3/66        AC  7     Str 11      XL: 9   Next:  9%
MP   1/9         EV 11     Int 14      God: Xom
Gold 357         SH  0     Dex 16      Spells:  1 memorised,  5 levels left

rFire  + . .     SeeInvis +     s - +2 elf cutlass (freeze)
rCold  . . .     Clarity  .     b - +2 leather armour
rNeg   + . .     Conserve .     (no shield)
rPois  .         rCorr    .     (no helmet)
rElec  .         rRot     .     i - +0 elf cloak
SustAb . .       Spirit   .     o - +0 pair of dwarf gloves
rMut   .         Warding  .     (no boots)
Saprov . . .     Stasis   .     (no amulet)
                                m - ring of protection from fire
                                k - ring of positive energy

@: regenerating, about to teleport, mildly poisoned, very slightly contaminated,
somewhat resistant to hostile enchantments, unstealthy
A: bottle blood, fangs 3, see invisible, unbreathing
a: Bottle Blood, Renounce Religion


You were on level 8 of the Dungeon.
You worshipped Xom.
You were a favourite toy of Xom.
You were almost alive.

You visited 1 branch of the dungeon, and saw 8 of its levels.
You also visited: Sewer.

You collected 383 gold pieces.
You spent 26 gold pieces at shops.

Inventory:

Hand weapons
 s - a +2,+2 elven cutlass of freezing (weapon)
Armour
 b - a +2 leather armour (worn)
 i - a +0 elven cloak (worn)
 o - a +0 pair of dwarven gloves (worn)
Magical devices
 a - a wand of frost (12)
 j - a wand of digging (9)
 n - a wand of draining (3)
 r - a wand of slowing (10)
Scrolls
 d - a scroll of fog {unknown}
 e - 5 scrolls of remove curse
 f - 2 scrolls of immolation {unknown}
 h - 2 scrolls of random uselessness {unknown}
 l - a scroll of teleportation
 t - a scroll of curse armour {unknown}
 u - a scroll of curse jewellery {unknown}
 w - a scroll of identify
Jewellery
 k - a ring of positive energy (left hand)
 m - a ring of protection from fire (right hand)
Potions
 q - 4 potions of blood {@w2}
 v - a potion of flight
Books
 g - a book of Necromancy

   Spells                             Type                      Level
   Pain                               Necromancy                   1
   Animate Skeleton                   Necromancy                   1
   Lethal Infusion                    Charms/Necromancy            2
   Vampiric Draining                  Necromancy                   3
   *Regeneration                      Charms/Necromancy            3
   Animate Dead                       Necromancy                   4
   Control Undead                     Necromancy                   4


   Skills:
 - Level 4.3 Fighting
 * Level 10.2 Short Blades
 - Level 0.7 Armour
 - Level 2.1 Dodging
 + Level 5.2 Charms
 + Level 5.3 Necromancy


You had 5 spell levels left.
You knew the following spells:

 Your Spells              Type           Power        Failure   Level  Hunger
r - Regeneration          Chrm/Necr      ##........   12%         3    ####...


Dungeon Overview and Level Annotations

Branches:
Dungeon (8/16)             Temple (0/1) D:6            Lair (0/8) D:8

Altars:
Ashenzari

Shops:
D:5 **

Portals:
Bailey: D:8

Annotations:
D:8 Erolcha


Innate Abilities, Weirdness & Mutations

Your natural rate of healing is extremely fast.
You can bottle blood from corpses.
You have razor-sharp teeth.*
You have supernaturally acute eyesight.
You can survive without breathing.*


Message History

Read which item? (? for menu, Esc to quit)
As you read the scroll of teleportation, it crumbles to dust.
You feel strangely unstable.
The giant frog hits you but does no damage.
The centaur unwields an uncursed bow.
The centaur hits you.
* * * LOW HITPOINT WARNING * * *
The giant frog hits you!
* * * LOW HITPOINT WARNING * * *
The centaur hits you.
* * * LOW HITPOINT WARNING * * *
The giant frog misses you. The centaur hits you.
* * * LOW HITPOINT WARNING * * *
The centaur completely misses you.
The giant frog hits you but does no damage.
The centaur hits you.
* * * LOW HITPOINT WARNING * * *
The giant frog hits you.
You die...
Xom giggles madly!

... .........
........>... ...
.....)........
.............)∩).....#
..............(.....###
......................#.
..........>....?.........
...............F@.....#..
..............(c....$..#
..............(O..#.....#
.................#......
..)<.....#..............
...........%..#........#
...........%...........
..#...#.#(..........?.
.###.###...##........


You could see Erolcha, a giant frog and a centaur.

Vanquished Creatures
  A black bear (D:6)
  2 phantoms
  2 centaurs (D:6)
  An ogre (D:5)
  Blork the orc (D:4)
  4 giant frogs
  5 wights (D:7)
  A quasit (D:6)
  Dowan (D:4)
  A crimson imp (D:6)
  A hound (D:7)
  An orc priest (D:7)
  A water moccasin skeleton (D:8)
  A scorpion (D:4)
  3 orc wizards
  6 worker ants
  2 halflings (D:1)
  A worker ant zombie (D:6)
  12 adders
  2 giant mites
  2 worms
  2 grey rats (D:5)
  A giant eyeball (D:7)
  4 giant geckos
  2 oozes (D:1)
  14 orcs
  4 ball pythons (Sewer)
  5 bats
  A bat zombie (D:5)
  9 giant cockroaches
  9 goblins
  18 hobgoblins
  18 jackals
  A quokka (D:4)
  5 giant newts
  A hobgoblin zombie (D:7)
  A jackal skeleton (D:4)
  21 kobolds
  A kobold zombie (D:5)
  An orc skeleton (D:4)
  8 rats
  A rat skeleton (D:5)
  2 ballistomycetes (D:7)
  3 plants
183 creatures vanquished.

Vanquished Creatures (collateral kills)
  An orc warrior (D:7)
  A centaur (D:7)
  A crimson imp (D:7)
  An orc wizard (D:7)
  2 orcs (D:7)
  A bat (D:4)
  A quokka (D:4)
8 creatures vanquished.

Vanquished Creatures (others)
  Duvessa (D:4)
  A quasit (D:7)
  A halfling (D:1)
  A lemure (D:4)
  An adder (D:4)
  A giant spore (D:7)
6 creatures vanquished.

Grand Total: 197 creatures vanquished

Notes
Turn   | Place    | Note
--------------------------------------------------------------
     0 | D:1      | PolkaDot, the Vampire Chaos Knight, began the quest for the Orb.
     0 | D:1      | Reached XP level 1. HP: 17/17 MP: 1/1
   269 | D:1      | Reached XP level 2. HP: 23/23 MP: 2/2
   344 | D:1      | XOM: divination: detect creatures
   440 | D:1      | XOM: medium Pois miscast
   495 | D:1      | Reached skill level 4 in Short Blades
   718 | D:1      | XOM: harmless Trmt miscast
   807 | D:1      | Reached XP level 3. HP: 27/29 MP: 3/3
   817 | D:1      | Reached XP level 4. HP: 26/35 MP: 4/4
   916 | D:2      | XOM: divination: magic mapping
   986 | D:2      | Reached skill level 5 in Short Blades
  1158 | D:2      | XOM: silly message
  1159 | D:2      | XOM: harmless Tloc miscast
  1733 | D:2      | XOM: swap monsters
  1807 | D:2      | XOM: god gift: scroll labeled VECUUH TOXIFU
  1882 | D:3      | Reached XP level 5. HP: 40/42 MP: 5/5
  2099 | D:3      | XOM: harmless Summ miscast
  2296 | D:3      | XOM: colour smoke trail
  2688 | D:4      | XOM: god gift: 26 stones
  2703 | D:4      | XOM: silly message
  2727 | D:4      | Noticed Blork the orc
  2732 | D:4      | XOM: harmless Chrm miscast
  2815 | D:4      | XOM: noise
  2822 | D:4      | XOM: summons friendly white imp
  2831 | D:4      | Reached skill level 6 in Short Blades
  2834 | D:4      | XOM: harmless Erth miscast
  2841 | D:4      | Killed Blork the orc
  2841 | D:4      | Reached XP level 6. HP: 13/49 MP: 6/6
  2953 | D:4      | XOM: medium Ice miscast
  2961 | D:4      | XOM: cast spell 'Flight'
  2990 | D:4      | Learned a level 3 spell: Regeneration
  3044 | D:4      | Noticed Duvessa
  3045 | D:4      | Noticed Dowan
  3045 | D:4      | XOM: summons friendly lemure
  3054 | D:4      | XOM: noise
  3062 | D:4      | Killed Duvessa
  3062 | D:4      | XOM: divine lightning (protected)
  3064 | D:4      | Killed Dowan
  3155 | D:4      | XOM: harmless Ice miscast
  3274 | D:4      | XOM: 2-stop teleportation journey
  3488 | D:5      | Entered Level 5 of the Dungeon
  3521 | D:5      | Found Thranawk's General Store.
  3525 | D:5      | Reached skill level 1 in Charms
  3560 | D:5      | Found a glowing drain.
  3564 | Sewer    | Entered a sewer
  3793 | Sewer    | XOM: 1-stop teleportation journey
  3862 | Sewer    | Reached skill level 1 in Necromancy
  3945 | Sewer    | Reached skill level 7 in Short Blades
  4354 | D:5      | XOM: harmless Summ miscast
  4481 | D:5      | Reached XP level 7. HP: 4/55 MP: 7/7
  4491 | D:5      | XOM: mild Conj miscast
  4656 | D:5      | Found Engac's General Store.
  4660 | D:5      | Bought a potion of degeneration for 26 gold pieces
  4999 | D:6      | XOM: noise
  5019 | D:6      | Reached skill level 8 in Short Blades
  5209 | D:6      | Found a staircase to the Ecumenical Temple.
  5225 | D:6      | XOM: enchant monster (bad)
  5297 | D:6      | XOM: harmless Divn miscast
  5299 | D:6      | Reached XP level 8. HP: 47/61 MP: 8/8
  5485 | D:6      | XOM: silly message
  5494 | D:6      | XOM: mild Conj miscast
  5573 | D:6      | XOM: confusion (+ monsters)
  5604 | D:6      | XOM: medium Necr miscast
  5625 | D:6      | HP: 3/61 [shadow[the capriciousness of Xom] (9)]
  5774 | D:7      | Found a shattered altar of Ashenzari.
  5813 | D:7      | XOM: colour smoke trail
  5866 | D:7      | XOM: swap monsters
  5870 | D:7      | XOM: chaos upgrade
  5884 | D:7      | XOM: noise
  5889 | D:7      | Reached skill level 9 in Short Blades
  5897 | D:7      | XOM: 2-stop teleportation journey
  6112 | D:7      | XOM: divination: magic mapping
  6191 | D:7      | XOM: harmless Conj miscast
  6236 | D:7      | XOM: polymorph worker ant -> hound
  6250 | D:7      | XOM: inner flame monster(s)
  6305 | D:7      | XOM: cast spell 'Ice Form'
  6347 | D:7      | XOM: cast spell 'Dragon Form'
  6394 | D:7      | Reached skill level 5 in Necromancy
  6397 | D:7      | Reached skill level 10 in Short Blades
  6397 | D:7      | Reached skill level 5 in Charms
  6397 | D:7      | Reached XP level 9. HP: 66/66 MP: 9/9
  6505 | D:7      | XOM: divination: detect creatures
  6523 | D:8      | Found a staircase to the Lair.
  6558 | D:8      | Found a flagged portal.
  6560 | D:8      | Noticed Erolcha
  6565 | D:8      | XOM: silly message
  6573 | D:8      | HP: 2/66 [centaur (4)]
  6573 | D:8      | Slain by a giant frog

Action                   |  1- 3 |  4- 6 |  7- 9 || total
-------------------------+-------+-------+-------++-------
Melee: Short sword       |   110 |   241 |       ||   351
       Cutlass           |       |   184 |   294 ||   478
       Mace              |       |     4 |       ||     4
       Unarmed           |       |       |    12 ||    12
 Cast: Regeneration      |       |       |    10 ||    10
 Abil: Bottle Blood      |       |    10 |    14 ||    24
Evoke: Wand              |       |     1 |       ||     1
  Use: Potion            |     2 |    13 |    23 ||    38
       Scroll            |       |    10 |     5 ||    15
 Stab: Paralysed         |     1 |     6 |       ||     7
       Distracted        |     1 |     1 |       ||     2
       Confused          |       |     1 |     1 ||     2
       Sleeping          |       |     1 |     1 ||     2
       Petrifying        |       |     1 |       ||     1
